 Dungeon Crawl Stone Soup version 0.28-a0-503-g83f2989fac (webtiles) character file.

Game seed: 16008316451964935787

5 spiderkeys the Skirmisher (level 1, -13/16 HPs)
             Began as an Octopode Abyssal Knight on Sept 20, 2021.
             Was a Follower of Lugonu.
             Mangled by an efreet (15 damage)
             ... on level 4 of the Abyss.
             The game lasted 00:01:00 (257 turns).

spiderkeys the Skirmisher (Octopode Abyssal Knight)  Turns: 257, Time: 00:01:00

Health: -13/16     AC:  1    Str: 12    XL:     1   Next: 80%
Magic:  2/2        EV: 13    Int: 12    God:    Lugonu [*.....]
Gold:   48         SH:  0    Dex: 12    Spells: 0/0 levels left

rFire   . . .      SeeInvis .     - Unarmed
rCold   . . .      Faith    .   (no shield)
rNeg    . . .      Spirit   .   (helmet restricted)
rPois   .          Reflect  .   (no amulet)
rElec   .          Harm     .   L - ring of flight
rCorr   .          Rampage  .   (no ring)
Will    .....                   (no ring)
Stlth   ++........              (no ring)
HPRegen 0.05/turn               (no ring)
MPRegen 0.08/turn               (no ring)
                                (no ring)
                                (no ring)

@: flying
A: almost no armour, amphibious, 8 rings, camouflage 1, gelatinous body 1,
(nimble swimmer 1), tentacles
a: Renounce Religion, Depart the Abyss


You were on level 4 of the Abyss.
You worshipped Lugonu.
Lugonu was aware of your devotion.
You visited 0 branches of the dungeon, and saw 0 of its levels.
You visited the Abyss 1 time.

You collected 48 gold pieces.


Innate Abilities, Weirdness & Mutations

You cannot wear most types of armour.
You are amphibious.
You can wear up to eight rings at the same time.
Your skin changes colour to match your surroundings (Stealth+).
Your rubbery body absorbs attacks. (AC +1, EV +1)
((You are camouflaged near water. (Stealth+)))
You have tentacles for arms and can constrict up to eight enemies at once.


   Skills:
 + Level 3.1 Fighting
 + Level 2.4 Dodging
 + Level 2.1 Unarmed Combat
 + Level 2.1 Invocations


You couldn't memorise any spells.
You didn't know any spells.
Your spell library was empty.

Inventory:

Hand Weapons
 d - a +0 arbalest
   (You found it on level 3 of the Abyss)
Missiles
 c - 21 poisoned darts
 f - 12 arrows
Jewellery
 L - a ring of flight (left tentacle)
   (You found it on level 2 of the Abyss)
Scrolls
 b - a scroll of amnesia {unknown}
 e - a scroll of identify {unknown}
Potions
 a - a potion of curing {unknown}

Dungeon Overview and Level Annotations

Branches:
Dungeon (0/15)

Altars:

. .. #......# .....
....##......##.....
#................ ..
#..............#.....
##......?...... .....
##......○.........#...
#......☼..............
#....R......).≈≈≈...#
..#..@.........≈.≈≈...
#...##..##......_. ##
#### ##.##.....#.#...
# ##....#.... ...
####.......... .
#...........
#........... ###. #..#
.. ###. .#....


You could see an efreet.


Message History

🤖 Initializing magus.rc ...
Options error: Delay interrupt name "hungry" not recognised. (~/.crawlrc:4988) ✅ Successfully initialized magus.rc [v1.9.10] Welcome, spiderkeys the Octopode Abyssal Knight.
Will you prevail where others failed? Will you find the Orb of Zot?
Lugonu says: Depart the Abyss and spread corruption, my servant! (use the ability menu to exit the Abyss) Press ? for a list of commands and other information.
Found a corrupted altar of Lugonu.
You now have 8 gold pieces.
Found a gateway leading out of the Abyss.
An ufetubus coalesces out of pure chaos.
Unknown command.
The ufetubus shouts!
You closely miss the ufetubus. You grab the ufetubus. You squeeze the ufetubus!
You kill the ufetubus!
No target in view!
No target in view!
No target in view!
a - a fizzy purple potion A neqoxec materialises.
You now have 20 gold pieces (gained 12).
A balrug comes into view.
It is wielding a +2 demon whip of venom.
Found a gateway leading deeper into the Abyss.
There is a gateway leading deeper into the Abyss here.
You plunge deeper into the Abyss.
b - a scroll labelled QUJOGANWANN
Found a gateway leading deeper into the Abyss.
There is a gateway leading deeper into the Abyss here.
You now have 48 gold pieces (gained 28).
A large abomination comes into view.
You see here a ring of flight.
L - a ring of flight
There is a gateway leading deeper into the Abyss here.
You fly up into the air.
L - a ring of flight (left tentacle)
You plunge deeper into the Abyss.
The abyssal rune of Zot can be found at this depth.
c - 21 poisoned darts You see here a +0 arbalest.
d - a +0 arbalest
Found a dagger.
Found a gateway leading deeper into the Abyss.
e - a scroll labelled HOXEAH INURUINN
There is a gateway leading deeper into the Abyss here.
You plunge deeper into the Abyss.
The abyssal rune of Zot can be found at this depth.
Found a corrupted altar of Lugonu.
f - 12 arrows
Found a gateway leading deeper into the Abyss.
Found a gateway leading out of the Abyss.
You tentacle-slap the efreet but do no damage.
The efreet gestures at you. The bolt of fire hits you!
Ouch! That really hurt!
* * * LOW HITPOINT WARNING * * *
😱 HP[-14]
You take 14 damage, and now have 2/16 hp.
MASSIVE DAMAGE!! (PAUSE)
There is a gateway leading deeper into the Abyss here.
The efreet hits you with a +4 scimitar of flaming!
Ouch! That really hurt!
You die...

Action                   || total
-------------------------++-------
Melee: Unarmed           ||     2
       Constrict         ||     1
       Tentacles         ||     1

Levels and vault maps discovered:
Abyss:4:  base: Temple, hangedman_cross_veins, hangedman_decor_points

Notes
Turn   | Place    | Note
-------+----------+-------------------------------------------
     0 | Abyss:1  | spiderkeys the Octopode Abyssal Knight began the quest for
                  | the Orb.
     0 | Abyss:1  | Reached XP level 1. HP: 16/16 MP: 2/2
     0 | Abyss:1  | magus.rc [v1.9.10]
   122 | Abyss:1  | Noticed a neqoxec
   144 | Abyss:1  | Noticed a balrug
   191 | Abyss:2  | Noticed a large abomination
   238 | Abyss:4  | Found a corrupted altar of Lugonu.
   252 | Abyss:4  | Noticed an efreet
   253 | Abyss:4  | HP: 2/16 [efreet/bolt of fire (14)]
   257 | Abyss:4  | Mangled by an efreet

Vanquished Creatures
  An ufetubus (Abyss:1)
1 creature vanquished.

Table legend:
 A = Non-vault XP
 B = Vault XP
 C = Vault XP percentage of total XP
 D = Non-vault monster count
 E = Vault monster count
 F = Vault count percentage of total count
                 A         B        C        D         E       F
            +---------+---------+-------+---------+---------+-------
      Total |       8 |       0 |   0.0 |       1 |       0 |   0.0
            +---------+---------+-------+---------+---------+-------
    Abyss:1 |       8 |       0 |   0.0 |       1 |       0 |   0.0
            +---------+---------+-------+---------+---------+-------

Illustrated notes

Table legend:
 A = Kills in this place as a percentage of kills in entire the game.
 B = Kills by you in this place as a percentage of kills by you in the entire game.
 C = Kills by friends in this place as a percentage of kills by friends in the entire game.
 D = Other kills in this place as a percentage of other kills in the entire game.
 E = Experience gained in this place as a percentage of experience gained in the entire game.
 F = Experience gained in this place divided by the number of levels of this place that you have seen.
                   A       B       C       D       E      F
               +-------+-------+-------+-------+-------+----------------------
         Total | 100.0 | 100.0 |   N/A |   N/A | 100.0 |   2.0
         Abyss | 100.0 | 100.0 |   N/A |   N/A | 100.0 |   2.0
               +-------+-------+-------+-------+-------+----------------------

Table legend: (Time is in decaauts)
 A = Elapsed time spent in this place.
 B = Non-inter-level travel time spent in this place.
 C = Inter-level travel time spent in this place.
 D = Time resting spent in this place.
 E = Time spent auto-exploring this place.
 F = Levels seen in this place.
 G = Mean time per level.
                   A        B        C        D        E       F      G
               +--------+--------+--------+--------+--------+-----+--------+
         Total |    255 |    255 |      0 |      0 |    117 |   4 |   63.8 |
         Abyss |    255 |    255 |      0 |      0 |    117 |   4 |   63.8 |
               +--------+--------+--------+--------+--------+-----+--------+

Top non-repeatable levels by time:
 Abyss:1: 161 daAuts
 Abyss:2: 41 daAuts
 Abyss:3: 33 daAuts
 Abyss:4: 18 daAuts
